 Dungeon Crawl Stone Soup version 0.31-a0-986-g5e6e4ef867 (webtiles) character file.

Game seed: 14767357888850401669

1673 bmb222 the Grappler (level 9, -9/55 HPs)
             Began as an Octopode Shapeshifter on Nov 25, 2023.
             Was a Follower of Dithmenos.
             Mangled by an ogre
             ... wielding a +0 giant club
              (33 damage)
             ... on level 6 of the Dungeon.
             The game lasted 00:09:17 (5230 turns).

bmb222 the Grappler (Octopode Shapeshifter)         Turns: 5230, Time: 00:09:18

Health: -9/55      AC:  1    Str: 15    XL:     9   Next: 1%
Magic:  9/9        EV: 14    Int: 18    God:    Dithmenos [*.....]
Gold:   184        SH:  0    Dex: 14    Spells: 8/8 levels left

rFire   . .          .
                       - Unarmed
rCold   . . .        (no shield)
rNeg    . . .        (helmet currently unavailable)
rPois   .            (no amulet)
rElec   .            m - +6 ring of intelligence
rCorr   .            (no ring)
SInv    .            (no ring)
Will    .....        (no ring)
Stlth   +++++        (no ring)
HPRegen 0.29/turn    (no ring)
MPRegen 0.11/turn    (no ring)
                     (no ring)

%: no passive effects
@: beast-form, wreathed by umbra
A: beast (slay +1), almost no armour, amphibious, 8 rings, camouflage 1,
gelatinous body 1, (nimble swimmer 1), tentacles
a: Begin Untransformation, Renounce Religion


You were on level 6 of the Dungeon.
You worshipped Dithmenos.
Dithmenos was aware of your devotion.
You were a hulking beast.
You visited 1 branch of the dungeon, and saw 6 of its levels.

You collected 184 gold pieces.

Inventory:

Jewellery
 m - a +6 ring of intelligence (left tentacle)
Talismans
 b - a beast talisman
 c - a flux talisman
Wands
 g - a wand of quicksilver (2)
 t - a wand of flame (9)
 v - a wand of iceblast (5)
Scrolls
 e - a scroll of noise
 h - 2 scrolls of fog {unknown}
 i - a scroll of vulnerability {unknown}
 k - 2 scrolls of blinking {unknown}
 l - a scroll of immolation {unknown}
 o - 4 scrolls of teleportation {unknown}
 r - 5 scrolls of identify
 s - a scroll of amnesia {unknown}
Potions
 a - 3 potions of lignification
 d - a potion of curing
 f - a potion of magic
 j - 3 potions of attraction
 n - a potion of brilliance {unknown}
 p - a potion of heal wounds {unknown}
 q - a potion of haste {unknown}
 u - 2 potions of invisibility {unknown}


   Skills:
 + Level 2.8 Fighting
 * Level 4.4 Dodging
 + Level 6.8 Stealth
 * Level 8.9 Unarmed Combat
 + Level 1.7 Evocations
 - Level 3.2 Shapeshifting


You had 8 spell levels left.
You didn't know any spells.
Your spell library was empty.

Dungeon Overview and Level Annotations

Branches:
Dungeon (6/15)             Temple (0/1) D:5

Altars:
Dithmenos
Hepliaklqana
Kikubaaqudgha
Sif Muna

Shops:
D:1 *


Innate Abilities, Weirdness & Mutations

You are a hulking beast.
Your limbs bulge with bestial killing power. (Slay +1)
You cannot wear most types of armour.
You are amphibious.
You can wear up to eight rings at the same time.
Your skin changes colour to match your surroundings (Stealth+).
Your rubbery body absorbs attacks. (AC +1, EV +1)
((You are camouflaged when in or above water. (Stealth+)))
You have tentacles for arms and can constrict up to eight enemies at once.


Message History

You kill the iguana!
Dithmenos accepts your kill.
You have reached level 9!
Your experience leads to an increase in your attributes!
Your base attributes are Str 15, Int 12, Dex 12.
Increase (S)trength, (I)ntelligence, or (D)exterity?
You feel agile. x2
There is an open door here.
There is an open door here.
An ufetubus comes into view.
An ufetubus comes into view.
There is an open door here.
The helpless ufetubus fails to defend itself.
You tentacle-slap the ufetubus. You grab the ufetubus.
The ufetubus is heavily wounded.
You constrict the ufetubus. The ufetubus hits you. x2
You tentacle-slap the ufetubus.
You kill the ufetubus!
Dithmenos accepts your kill.
The ufetubus shouts!
The ufetubus slips past you! The ufetubus misses you.
The ufetubus closely misses you. The ufetubus misses you. x2
You tentacle-slap the ufetubus. Your grab misses the ufetubus.
You squeeze the ufetubus.
You kill the ufetubus!
Dithmenos accepts your kill.
You open the door.
An ogre comes into view. It is wielding a +0 giant club.
There is an open door here.
There is an open door here.
You completely miss the ogre. Your squeeze misses the ogre.
The ogre hits you with a +0 giant club!!
Ouch! That really hurt!
You closely miss the ogre. You tentacle-slap the ogre.
The ogre is lightly wounded.
The ogre hits you with a +0 giant club!!
Ouch! That really hurt!
You die...

########..##....##..##..##.
##..##....##..##..##. .
.....#....#.......##< ..
....#....#.......... ...
#..##....#.......... #...
#..##....#...##..##.
#....##..##....##..###'###
.........##....##..##.....
........Oh.....'..........
.........#.....#..........
#..##############.###..##.
# ..####.###..##.
.........'......
.........#......
.........#......
.#..#...##...###
##########'###.


You could see an ogre.

Vanquished Creatures
  2 water moccasins
  2 ogres
  3 phantoms
  Blork the orc (D:4)
  2 scorpions
  5 wights (D:5)
  A howler monkey (D:6)
  4 orc priests
  2 jellies
  Crazy Yiuf (D:5)
  An orc wizard (D:4)
  5 iguanas
  4 gnolls (D:3)
  12 adders
  4 ufetubi
  2 worms (D:4)
  3 dart slugs (D:1)
  11 orcs
  4 ball pythons
  4 bats
  5 endoplasms
  4 giant cockroaches
  6 hobgoblins
  7 kobolds
  3 quokkas
  3 frilled lizards
  6 goblins
  7 rats
114 creatures vanquished.

Notes
Turn   | Place    | Note
-------+----------+-------------------------------------------
     0 | D:1      | bmb222 the Octopode Shapeshifter began the quest for the
                  | Orb.
     0 | D:1      | Reached XP level 1. HP: 13/13 MP: 1/1
    13 | D:1      | Found Wuck's Assorted Antiques.
    22 | D:1      | Reached skill level 1 in Stealth
   103 | D:1      | Reached XP level 2. HP: 18/18 MP: 2/2
   488 | D:1      | Reached XP level 3. HP: 23/23 MP: 3/3
   898 | D:2      | Reached XP level 4. HP: 28/28 MP: 4/4
  1341 | D:2      | Found a faded altar of an unknown god.
  1781 | D:3      | Reached skill level 4 in Unarmed Combat
  1909 | D:3      | You fall into a shaft and drop 2 floors!
  1909 | D:5      | Entered Level 5 of the Dungeon
  1949 | D:5      | Reached XP level 5. HP: 21/33 MP: 5/5
  2130 | D:4      | Found an ancient bone altar of Kikubaaqudgha.
  2195 | D:4      | Reached skill level 5 in Stealth
  2195 | D:4      | Reached XP level 6. HP: 38/38 MP: 6/6
  2752 | D:3      | Found a shadowy altar of Dithmenos.
  2846 | D:3      | Became a worshipper of Dithmenos the Shadowed
  3144 | D:4      | Reached skill level 5 in Unarmed Combat
  3144 | D:4      | Reached XP level 7. HP: 32/45 MP: 7/7
  3544 | D:4      | Noticed Blork the orc
  3552 | D:4      | Found a shimmering blue altar of Sif Muna.
  3566 | D:4      | Killed Blork the orc
  3706 | D:5      | Reached * piety under Dithmenos
  3730 | D:5      | Found a hazy altar of Hepliaklqana.
  3755 | D:5      | Reached skill level 6 in Unarmed Combat
  3928 | D:5      | Reached skill level 1 in Evocations
  3928 | D:5      | Reached XP level 8. HP: 42/51 MP: 8/8
  3975 | D:5      | Found a staircase to the Ecumenical Temple.
  4041 | D:5      | Reached skill level 7 in Unarmed Combat
  4242 | D:5      | Found a runed translucent door.
  4243 | D:5      | Noticed Crazy Yiuf
  4625 | D:5      | Killed Crazy Yiuf
  4694 | D:6      | Reached skill level 8 in Unarmed Combat
  5157 | D:6      | Reached XP level 9. HP: 51/55 MP: 9/9
  5230 | D:6      | Mangled by an ogre

Illustrated notes

Levels and vault maps discovered:
D:1:      roderic_dead_forest, layout_basic, serial_shops, shop,
          grunt_decor_fettered
D:2:      layout_rooms, hellmonk_ecumenical_altar_inner_sanctum,
          kennysheep_decorative_pillar, due_unseen_surprise
D:3:      layout_basic, overflow_temple_1_default
D:4:      layout_cave_pools, tgw_sif, nicolae_overflow_hidden_temple
D:5:      layout_basic, worldfamousw_hep_ancestral_shrine,
          minmay_temple_entry_waves, uniq_crazy_yiuf_cottage
D:6:      layout_gridville, dancing_weapons_uskayaw

Skill      XL: |  1  2  3  4  5  6  7  8 |
---------------+-------------------------+-----
Stealth        | 1 2 3 4 5 6 |  6.8
Unarmed Combat | 4 5 6 8 |  8.9
Fighting       | 2 |  2.8
Dodging        | 3 4 |  4.4
Evocations     | 1 |  1.7
Shapeshifting  | |  3.2

Action                     |  1- 3 |  4- 6 |  7- 9 || total
---------------------------+-------+-------+-------++-------
  Melee: Unarmed           |    61 |    94 |    94 ||   249
         Constrict         |    16 |    26 |    19 ||    61
         Tentacles         |    12 |    23 |    19 ||    54
         Punch             |     1 |     3 |     3 ||     7
  Evoke: Wand              |       |     4 |     7 ||    11
    Use: Scroll            |       |     5 |       ||     5
   Stab: Sleeping          |    10 |     7 |    10 ||    27
 Armour: Skin              |    21 |    35 |    37 ||    93
  Dodge: Dodged            |    25 |    49 |    50 ||   124

Table legend: (Time is in decaauts)
 A = Elapsed time spent in this place.
 B = Non-inter-level travel time spent in this place.
 C = Inter-level travel time spent in this place.
 D = Time resting spent in this place.
 E = Time spent auto-exploring this place.
 F = Levels seen in this place.
 G = Mean time per level.
                   A        B        C        D        E       F      G
               +--------+--------+--------+--------+--------+-----+--------+
         Total |   5206 |   5072 |    134 |   1275 |   2709 |   6 |  867.7 |
       Dungeon |   5206 |   5072 |    134 |   1275 |   2709 |   6 |  867.7 |
               +--------+--------+--------+--------+--------+-----+--------+

Top non-repeatable levels by time:
     D:5: 1226 daAuts
     D:3: 1054 daAuts
     D:4: 961 daAuts
     D:2: 847 daAuts
     D:1: 577 daAuts
     D:6: 538 daAuts
